 Dungeon Crawl Stone Soup version 0.25-a0-1073-gf4359a17dd (webtiles) character file.

Game seed: 8719136310272689453, levelgen mode: deterministic

10 Flugslaktarn the Skirmisher (level 2, 0/16 HPs)
             Began as a Vine Stalker Fighter on May 14, 2020.
             Slain by a gnoll
             ... wielding a +0 spear
              (4 damage)
             ... on level 1 of the Dungeon.
             The game lasted 00:00:11 (545 turns).

Flugslaktarn the Skirmisher (Vine Stalker Fighter)   Turns: 545, Time: 00:00:12

Health: 0/16       AC:  6    Str: 18    XL:     2   Next: 20%
Magic:  0/3        EV:  7    Int:  8    God:
Gold:   15         SH:  9    Dex: 13    Spells: 1/1 levels left

rFire    . . .     SeeInvis .   a - +0 war axe
rCold    . . .     Gourm    .   c - +0 kite shield
rNeg     . . .     Faith    .   b - +0 scale mail
rPois    .         Spirit   +   (no helmet)
rElec    .         Reflect  .   (no cloak)
rCorr    .         Harm     .   (no gloves)
MR       .....                  (no boots)
Stlth    ..........             (no amulet)
HPRegen  0.05/turn              (no ring)
MPRegen  0.08/turn              (no ring)

@: no status effects
A: fangs 2, magic shield, antimagic bite, no potion heal 3, rot immunity
a: no special abilities


You were on level 1 of the Dungeon.
You were not hungry.

You visited 1 branch of the dungeon, and saw 1 of its levels.

You collected 15 gold pieces.

Inventory:

Hand Weapons
 a - a +0 war axe (weapon)
Armour
 b - a +0 scale mail (worn)
 c - a +0 kite shield (worn)
Jewellery
 k - a cursed amulet of inaccuracy {unknown}
   (You found it on level 1 of the Dungeon)
Scrolls
 g - 2 scrolls of fog {unknown}
 h - 2 scrolls of remove curse {unknown}
 i - a scroll of identify {unknown}
 j - a scroll of immolation {unknown}
Potions
 d - a potion of might
Comestibles
 e - a ration


   Skills:
 + Level 2.8 Fighting
 * Level 2.1 Axes
 + Level 2.5 Armour
 + Level 2.8 Shields


You had one spell level left.
You didn't know any spells.
Your spell library was empty.

Dungeon Overview and Level Annotations

Branches:
Dungeon (1/15)

Altars:


Innate Abilities, Weirdness & Mutations

You have extremely sharp teeth.
When hurt, damage is shared between your health and your magic reserves.
Your bite disrupts and absorbs the magic of your enemies.
Potions cannot restore your health.
You are immune to rotting.


Message History

The gnoll hits you with a +0 spear.
Your shield and scale mail prevent you from hitting the gnoll.
You bite the gnoll. You drain its power.
You feel invigorated.
The gnoll is lightly wounded.
The gnoll hits you with a +0 spear.
* * * LOW HITPOINT WARNING * * *
You are too injured to fight recklessly!
You are too injured to fight recklessly!
You are too injured to fight recklessly!
You are too injured to fight recklessly!
You are too injured to fight recklessly!
You are too injured to fight recklessly!
You are too injured to fight recklessly!
You are too injured to fight recklessly!
You are too injured to fight recklessly!
You are too injured to fight recklessly!
You hit the gnoll.
The gnoll is heavily wounded.
The gnoll hits you with a +0 spear.
You die...

####........##....##
#....≈≈≈≈
#...####.#.....#
##.....§≈≈
##.......##...##
#......≈≈≈
#.#########.##
#......≈≈≈ #.# #.#
#.......≈≈ #.# #.#
#.......≈≈ #.# ##'##
#........≈ #.# ##...##
#.#...#.#. #.# #..@..#
#...###.#. ##.##
#...g...# ###.# #.##
##...####.........#
##...##.##
####.......+.........+
....^.....
#.........##.........#
##...##.##
#.####.##.###.......##
# #.# #.# ##.##.#
##.....## #######.#
#.# #..##.# ##...##
#.......#
#.###.###.######+#
#.##....#


You could see a gnoll.

Vanquished Creatures
  A bat (D:1)
  4 hobgoblins (D:1)
  A ball python (D:1)
  2 kobolds (D:1)
  2 rats (D:1)
10 creatures vanquished.

Notes
Turn   | Place    | Note
-------+----------+-------------------------------------------
     0 | D:1      | Flugslaktarn the Vine Stalker Fighter began the quest for
                  | the Orb.
     0 | D:1      | Reached XP level 1. HP: 11/11 MP: 2/2
   215 | D:1      | Reached XP level 2. HP: 16/16 MP: 3/3
   545 | D:1      | Slain by a gnoll

Illustrated notes

Levels and vault maps discovered:
D:1:      dpeg_arrival_erosion, layout_loops_corners, hangedman_decor_slide_cut,
          lemuel_old_faithful

Skill      XL: |  1 |
---------------+----+-----
Axes           | 2 |  2.1
Fighting       | |  2.8
Armour         | |  2.5
Shields        | |  2.8

Action                   || total
-------------------------++-------
Melee: War axe           ||    23
       Bite              ||     3
Armor: Scale mail        ||    10
Dodge: Dodged            ||     8
Block: Kite shield       ||    13

Table legend:
 A = Non-vault XP
 B = Vault XP
 C = Vault XP percentage of total XP
 D = Non-vault monster count
 E = Vault monster count
 F = Vault count percentage of total count
                 A         B        C        D         E       F
            +---------+---------+-------+---------+---------+-------
      Total |      15 |       0 |   0.0 |      10 |       0 |   0.0
            +---------+---------+-------+---------+---------+-------
        D:1 |      15 |       0 |   0.0 |      10 |       0 |   0.0
            +---------+---------+-------+---------+---------+-------
